Map: Primeval Wilds

Players

Infamous

  • Race: Protoss Protoss
  • League: Gold
  • Spawn Location: 9:00

Coda

  • Race: Terran Terran
  • Spawn Location: 3:00

ULI

  • Race: Terran Terran
  • Spawn Location: 12:00

dopetrack

  • Race: Terran Terran
  • Spawn Location: 12:00

Sceptre

  • Race: Protoss Protoss
  • Spawn Location: 7:00

MichaelnTina

  • Race: Protoss Protoss
  • Spawn Location: 6:00

sufigucci

  • Race: Terran Terran
  • League: Bronze
  • Spawn Location: 6:00

Nomeon

  • Race: Terran Terran
  • Spawn Location: 5:00

VOD

Have the link to the VOD?

Description

Time

  • Played on: April 20, 2018, 10:52 a.m.
  • Length: 17:51
Show
View Real Time Build Order
Export as new Build Order

Infamous Protoss 

Build Orders: Zealot Archon 

Get SALT Encoding   

  12  0:02  Probe  
  13  0:16  Pylon  
  13  0:31  Probe  
  14  0:36  Gateway  
  14  0:39  Probe  
  14  0:48  Probe  
  16  0:59  Probe  
  16  1:01  Assimilator  
  17  1:07  Probe  
  18  1:26  Zealot  
  18  1:29  Cybernetics Core  
  18  1:30  Probe  
  21  1:45  Warp Gate  
  21  1:47  Probe  
  22  1:58  Nexus  
  22  2:09  Probe  
  23  2:18  Assimilator  
  23  2:21  Pylon  
  23  2:39  Adept  
  23  2:42  Probe  
  26  2:50  Twilight Council  
  26  3:01  Gateway  
  26  3:04  Probe, Adept  
  29  3:24  Gateway  
  29  3:29  Probe x2  
  29  3:30  Pylon  
  31  3:45  Resonating Glaives  
  31  3:50  Templar Archives  
  31  4:01  Adept x2  
  35  4:15  Probe  
  36  4:18  Probe  
  36  4:22  Robotics Facility  
  37  4:27  Probe  
  38  4:36  Probe  
  38  4:37  Probe  
  39  4:40  Assimilator  
  39  4:44  Psionic Storm  
  40  4:49  Adept  
  42  5:10  Probe  
  42  5:12  Warp Prism  
  45  5:17  High Templar  
  45  5:18  Probe  
  47  5:22  Probe  
  47  5:27  Assimilator  
  43  5:36  Pylon  
  43  5:41  High Templar  
  45  5:45  Sentry  
  45  5:48  Immortal  
  45  5:49  Archon  
  47  5:51  Probe  
  47  5:52  Probe  
  53  6:35  Probe  
  53  6:38  Probe  
  49  6:49  High Templar x3  
  55  7:06  Probe  
  55  7:07  Archon  
  55  7:10  Probe  
  55  7:12  Immortal  
  61  7:21  Pylon  
  61  7:24  Charge  
  61  7:28  Probe  
  62  7:30  Pylon  
  62  7:39  Probe  
  63  7:48  Gateway  
  63  7:51  Gateway  
  63  7:52  Zealot x2  
  63  7:53  Zealot  
  63  7:54  Gateway  
  69  8:04  Gateway  
  69  8:05  Gateway  
  69  8:06  Immortal  
  69  8:07  Gateway  
  73  8:28  Probe x2  
  65  8:36  Stalker x3  
  71  8:46  Immortal  
  75  8:58  High Templar  
  77  9:10  Pylon x2  
  77  9:11  Pylon  
  77  9:15  Forge  
  77  9:24  Forge  
  77  9:38  High Templar x3  
  79  9:39  High Templar x4  
  79  9:41  Immortal  
  95  9:59  Photon Cannon  
  95  10:01  Photon Cannon  
  95  10:03  Photon Cannon  
  95  10:05  Shield Battery  
  95  10:06  Protoss Ground Weapons Level 1  
  95  10:07  Pylon, Protoss Ground Armor Level 1  
  95  10:14  Shield Battery  
  95  10:16  Photon Cannon  
  95  10:19  Photon Cannon  
  95  10:21  Zealot x3  
  97  10:23  Photon Cannon  
  97  10:26  Sentry  
  103  10:50  Probe x2  
  103  10:53  High Templar  
  103  10:55  Zealot  
  109  11:19  Nexus  
  109  11:21  Pylon  
  109  11:23  Pylon  
  109  11:25  Pylon  
  103  11:27  Pylon  
  103  11:31  Archon  
  103  11:32  Archon  
  69  12:08  High Templar x4  
  63  12:12  Stalker x2  
  63  12:14  Zealot  
  73  12:15  Zealot  
  73  12:16  Zealot  
  73  12:17  Protoss Ground Armor Level 2  
  77  12:33  Probe x3  
  77  12:36  Photon Cannon  
  80  12:41  Photon Cannon  
  80  12:44  Pylon  
  80  12:45  Probe, Assimilator  
  80  12:50  Assimilator  
  81  12:55  Probe x2  
  81  12:57  Probe  
  84  12:59  High Templar  
  84  13:02  Archon  
  84  13:03  Archon  
  86  13:08  Immortal  
  86  13:12  Zealot x3  
  96  13:13  Zealot x5  
  106  13:22  Probe x2  
  106  13:23  Probe  
  109  13:36  High Templar  
  109  13:39  Protoss Ground Weapons Level 2  
  111  13:41  Probe x2  
  111  13:45  Probe  
  114  13:53  Pylon  
  114  13:56  Photon Cannon  
  114  14:05  Archon  
  114  14:07  High Templar  
  114  14:09  Zealot x3  
  122  14:10  Zealot x5  
  132  14:26  Protoss Shields Level 1  
  132  14:34  High Templar x2  
  136  14:39  Immortal  
  136  14:40  Archon  
  140  14:54  High Templar  
  142  15:21  Probe  
  142  15:25  Probe x2  
  145  15:29  High Templar x2  
  149  15:45  High Templar  
  149  15:46  High Templar  
  153  16:05  Archon  
  153  16:07  Archon  
  153  16:33  High Templar x2  
  153  16:34  High Templar x2  
  161  16:41  Archon x2  
  161  16:45  Probe x2  
Show
View Real Time Build Order
Export as new Build Order

Coda Terran 

Build Orders:  

Get SALT Encoding   

  12  0:02  SCV  
  13  0:14  SCV  
  14  0:25  Supply Depot  
  14  0:26  SCV  
  15  0:50  Barracks  
  15  0:52  Supply Depot, SCV  
  16  1:01  Refinery  
  16  1:04  SCV  
  16  1:10  Refinery  
  17  1:25  Supply Depot  
  17  1:29  SCV  
  18  1:41  SCV  
  19  1:48  Barracks Tech Lab  
  19  1:53  Engineering Bay  
  19  1:59  Supply Depot  
  19  2:22  Supply Depot  
  19  2:25  Marauder  
  21  2:42  Sensor Tower  
  21  2:45  SCV  
  22  2:57  SCV  
  23  2:59  Marauder  
  25  3:09  SCV  
  25  3:10  Supply Depot  
  26  3:27  Factory  
  26  3:30  Marauder  
  28  3:52  Missile Turret  
  28  4:16  Marauder  
  30  4:20  Factory Tech Lab  
  30  4:29  Missile Turret  
  30  4:39  Command Center  
  30  4:42  SCV  
  31  4:52  Siege Tank  
  34  4:54  SCV  
  35  5:03  Missile Turret  
  35  5:32  Missile Turret  
  35  5:54  Marine  
  36  5:59  Siege Tank  
  39  6:10  Refinery  
  39  6:11  SCV x2  
  40  6:12  Marine  
  42  6:23  SCV x2  
  44  6:28  Missile Turret  
  44  6:30  Marine  
  45  6:35  SCV x2  
  47  6:47  Marine, SCV x2  
  47  6:49  Missile Turret  
  50  6:58  Starport  
  50  6:59  SCV  
  51  7:05  Marine  
  52  7:12  Refinery  
  52  7:24  SCV x2  
  54  7:36  SCV x2  
  56  7:46  Starport Tech Lab  
  56  7:48  SCV x2  
  56  7:50  Starport  
  58  7:52  Starport  
  58  8:00  SCV x2  
  60  8:12  SCV x2  
  62  8:30  Starport  
  62  8:32  Supply Depot, Starport  
  62  8:42  Starport Tech Lab  
  62  8:43  Starport Tech Lab  
  62  8:55  Supply Depot  
  62  9:09  Starport Tech Lab  
  62  9:10  Starport Tech Lab  
  62  9:25  Supply Depot  
  62  9:28  Starport  
  62  9:31  Starport  
  62  9:36  Viking x3  
  62  9:37  Viking x2  
  72  9:47  Supply Depot  
  72  10:06  Viking x2  
  76  10:11  Supply Depot, Starport Tech Lab  
  76  10:12  Starport Tech Lab  
  76  10:14  Armory  
  76  10:33  Supply Depot  
  76  10:38  Armory  
  76  10:47  Viking x3  
  76  10:48  Viking x4  
  90  10:56  Supply Depot  
  90  11:12  Terran Vehicle And Ship Armor Level 1  
  90  11:17  Viking x4  
  90  11:18  Supply Depot, Viking  
  100  11:40  Viking x2  
  100  11:46  Supply Depot  
  104  11:47  Viking x2  
  108  12:06  Command Center  
  108  12:09  Supply Depot  
  108  12:44  Terran Ship Weapons Level 1  
  108  12:49  Supply Depot  
  108  13:11  Supply Depot  
  108  13:36  Refinery  
  108  13:37  Refinery  
  108  13:44  Missile Turret  
  108  13:45  Missile Turret  
  108  13:46  Viking x2  
  108  13:47  Missile Turret x2, Viking x2  
  108  13:48  Missile Turret, Viking  
  118  13:49  Missile Turret  
  118  13:54  Terran Vehicle And Ship Armor Level 2  
  118  13:59  Supply Depot  
  118  14:11  Viking  
  118  14:12  Viking  
  118  14:16  Viking x2  
  126  14:21  Supply Depot  
  112  14:56  Supply Depot  
  112  15:01  Terran Ship Weapons Level 2  
  112  15:15  Viking x5  
  112  15:16  Viking x2  
  112  15:19  Supply Depot  
  126  15:45  Viking x2  
  62  16:43  Viking x4  
  62  16:44  Viking x3  
  76  17:13  Viking x4  
  76  17:14  Viking x3  
Show
View Real Time Build Order
Export as new Build Order

ULI Terran 

Build Orders:  

Get SALT Encoding   

  12  0:13  Refinery  
  12  0:17  Refinery  
  12  0:46  Supply Depot  
  12  0:58  Supply Depot  
  12  1:19  Barracks  
  12  1:34  Engineering Bay  
  12  2:14  Command Center  
  12  2:27  Missile Turret  
  12  2:30  Barracks Tech Lab  
  12  3:24  Missile Turret  
  12  3:35  Bunker  
  12  3:36  Planetary Fortress  
  12  3:39  Orbital Command  
  12  4:07  Marine  
  13  4:25  Marine  
  14  4:43  Marine  
  15  4:53  SCV  
  15  4:59  SCV  
  17  5:01  Marine  
  17  5:05  SCV  
  19  5:11  SCV  
  20  5:14  Supply Depot  
  20  5:17  SCV  
  20  5:19  Marine  
  22  5:23  SCV  
  23  5:29  SCV  
  24  5:35  SCV  
  24  5:41  SCV  
  26  5:53  Factory  
  26  6:03  Marauder  
  28  6:07  Concussive Shells  
  27  6:24  Marauder  
  28  6:45  Marauder  
  29  6:50  Factory Tech Lab  
  29  6:57  Starport, SCV  
  30  7:09  SCV  
  31  7:19  Siege Tank  
  31  7:21  SCV  
  35  7:33  SCV  
  36  7:45  Missile Turret, SCV  
  37  7:51  Siege Tank  
  37  7:56  Missile Turret  
  40  7:58  Starport Reactor  
  40  8:05  Starport  
  40  8:24  Siege Tank  
  43  8:43  Starport  
  43  8:56  Cyclone  
  46  9:11  Missile Turret  
  43  9:26  Starport Reactor  
  43  9:37  Starport Reactor  
  43  9:40  Viking x2  
  47  10:02  Marine  
  48  10:10  Viking x2  
  52  10:19  Marine  
  53  10:37  Marine  
  54  10:43  Viking  
  54  10:45  Viking  
  53  10:55  Marine  
  46  11:13  Marine  
  47  11:31  Marauder  
  49  11:50  Viking x2  
  53  12:17  Missile Turret  
  53  12:49  Missile Turret  
  53  12:54  SCV  
  54  13:00  Refinery  
  54  13:06  Refinery  
  54  13:36  Supply Depot  
  54  13:48  Widow Mine, Marauder, Viking x2  
  62  13:57  Viking x4  
  62  13:59  Supply Depot x2  
  70  14:20  SCV, Widow Mine, Marauder  
  70  14:23  Supply Depot  
  75  14:32  SCV  
  76  14:42  Widow Mine  
  76  14:44  SCV  
  79  14:56  SCV  
  80  15:03  Widow Mine  
  82  15:25  Widow Mine  
  70  16:48  Viking  
  70  16:49  Viking x5  
  82  17:00  Supply Depot  
  82  17:11  Supply Depot  
  78  17:18  Viking x2  
  78  17:19  Viking x2  
  88  17:24  Supply Depot  
Show
View Real Time Build Order
Export as new Build Order

dopetrack Terran 

Build Orders:  

Get SALT Encoding   

  12  0:01  SCV  
  13  0:14  SCV  
  14  0:22  Supply Depot  
  14  0:26  SCV  
  15  0:43  SCV  
  15  0:46  Barracks  
  16  0:54  Supply Depot  
  16  0:55  SCV  
  17  0:59  Refinery  
  17  1:07  SCV  
  17  1:10  Refinery  
  18  1:20  SCV  
  19  1:34  Marine  
  20  1:40  SCV  
  21  1:52  Marine  
  22  1:54  SCV  
  22  1:55  Barracks  
  23  2:04  Supply Depot  
  23  2:06  SCV  
  24  2:10  Barracks Tech Lab  
  24  2:18  SCV  
  25  2:23  Engineering Bay  
  25  2:30  Marauder  
  25  2:33  Orbital Command  
  27  2:42  Supply Depot  
  27  2:43  Barracks Reactor  
  27  2:54  Marauder  
  29  2:59  Missile Turret  
  30  3:07  Supply Depot  
  29  3:17  Marauder  
  29  3:19  Marine  
  32  3:21  Missile Turret  
  32  3:22  Marine  
  33  3:39  Marine x2, Marauder  
  37  4:20  Marine, Marauder  
  37  4:21  Marine  
  41  4:24  Supply Depot  
  41  4:38  Marine  
  41  4:41  Marauder  
  44  5:24  Marine  
  44  5:25  Marine, Marauder  
  48  5:32  Supply Depot  
  48  5:42  Marine x2  
  48  5:46  Marauder  
  52  6:03  Factory  
  49  6:56  Marine x2, Marauder, Factory Tech Lab  
  53  7:08  Supply Depot  
  53  7:13  Marine  
  53  7:14  Marine  
  55  7:17  Marauder  
  57  7:31  Marine x2  
  57  7:34  Starport  
  57  7:35  Siege Tank  
  57  7:36  Starport  
  62  7:39  SCV, Marauder  
  65  7:51  SCV  
  66  8:04  Marine x2  
  68  8:07  Siege Tank  
  71  8:13  Supply Depot  
  71  8:21  Marine  
  71  8:22  Marine  
  73  8:39  Marine x2  
  73  8:40  Supply Depot  
  75  8:47  Marauder  
  77  8:49  Starport Reactor, Starport Tech Lab  
  77  8:55  Supply Depot  
  77  8:57  Marine x2  
  79  9:13  Medivac  
  79  9:15  Marine x2  
  83  9:28  Medivac x2  
  87  9:43  Medivac  
  89  9:58  Medivac x2  
  93  10:14  Medivac  
  93  10:19  Marine x2, Marauder  
  99  10:24  Supply Depot  
  99  10:30  Supply Depot  
  99  10:36  Marine  
  99  10:37  Marine  
  99  10:40  Marauder  
  103  10:54  Marine x2  
  105  11:12  Marine x2  
  71  12:24  Marauder  
  71  12:25  Marine x2  
  75  12:43  Marine x2  
  77  12:45  Marauder  
  79  13:00  Marine  
  79  13:01  Marine, Medivac x2  
  79  13:02  Medivac  
  87  13:07  Marauder  
  89  13:18  Marine x2  
  91  13:28  Marauder  
  91  13:30  Medivac  
  91  13:31  Medivac  
  91  13:32  Medivac  
  99  13:42  Marine x2  
  101  13:50  Marauder  
  103  14:00  Marine x2  
  105  14:17  Marine  
  105  14:18  Marine  
  107  14:35  Marine x2  
Show
View Real Time Build Order
Export as new Build Order

Sceptre Protoss 

Build Orders: Cannon Rush 

Get SALT Encoding   

  12  0:08  Probe  
  13  0:20  Probe  
  14  0:22  Pylon  
  14  0:33  Probe  
  15  0:42  Forge  
  15  0:43  Probe  
  16  0:51  Probe  
  17  1:02  Assimilator  
  17  1:04  Probe  
  18  1:19  Photon Cannon  
  18  1:29  Photon Cannon  
  18  1:35  Photon Cannon  
  18  1:47  Gateway  
  18  2:15  Nexus  
  18  2:26  Pylon  
  18  2:28  Probe  
  19  2:34  Zealot  
  21  2:40  Probe  
  22  2:49  Cybernetics Core  
  22  2:52  Probe  
  22  2:55  Pylon  
  23  3:01  Assimilator  
  23  3:10  Photon Cannon  
  23  3:26  Stalker  
  25  3:28  Warp Gate  
  25  3:33  Probe  
  25  3:41  Probe  
  26  3:46  Stargate  
  27  3:51  Assimilator  
  27  3:55  Assimilator  
  27  4:04  Twilight Council  
  27  4:08  Probe  
  26  4:18  Stalker  
  26  4:20  Probe  
  26  4:22  Photon Cannon  
  29  4:40  Pylon  
  29  4:51  Dark Shrine  
  29  4:55  Void Ray  
  29  4:56  Probe  
  34  5:08  Probe  
  35  5:18  Shield Battery  
  35  5:24  Photon Cannon  
  35  5:28  Probe  
  36  5:41  Probe  
  36  5:42  Stalker  
  39  5:58  Gateway  
  39  6:10  Gateway  
  39  6:16  Dark Templar  
  41  6:30  Void Ray  
  45  6:35  Photon Cannon  
  45  6:42  Pylon  
  43  6:48  Pylon  
  43  6:55  Dark Templar  
  45  7:04  Protoss Ground Armor Level 1  
  45  7:10  Dark Templar  
  47  7:17  Shield Battery  
  47  7:24  Photon Cannon  
  47  7:30  Probe  
  48  7:38  Probe  
  49  7:47  Probe  
  50  7:59  Probe  
  51  8:05  Fleet Beacon  
  51  8:11  Probe, Robotics Facility  
  52  8:17  Pylon  
  52  8:23  Void Ray  
  54  8:35  Stargate  
  54  8:36  Protoss Air Armor Level 1  
  54  8:46  Dark Templar  
  56  8:55  Probe  
  57  9:07  Probe  
  58  9:11  Tempest  
  58  9:14  Observer  
  65  9:19  Probe  
  65  9:21  Graviton Catapult  
  66  9:29  Stargate  
  66  9:31  Probe  
  67  9:52  Warp Prism  
  67  10:00  Dark Templar  
  71  10:11  Carrier  
  77  10:16  Carrier  
  77  10:18  Dark Templar  
  85  10:24  Protoss Air Weapons Level 1  
  85  10:37  Pylon  
  85  10:47  Pylon  
  81  10:52  Pylon  
  81  10:56  Dark Templar  
  83  10:58  Dark Templar  
  85  11:07  Observer  
  86  12:07  Nexus  
  86  12:11  Pylon  
  86  12:16  Immortal  
  86  12:17  Carrier  
  86  12:21  Carrier  
  102  12:37  Carrier  
  102  12:39  Dark Templar  
  110  12:46  Dark Templar  
  112  12:52  Photon Cannon  
  112  12:55  Photon Cannon  
  112  12:59  Shield Battery  
  112  13:02  Shield Battery  
  112  13:09  Pylon  
  112  13:16  Assimilator  
  112  13:20  Dark Templar  
  114  13:30  Gateway  
  114  13:33  Probe  
  115  13:44  Pylon  
  115  13:45  Probe  
  115  13:47  Dark Templar  
  118  13:56  Dark Templar  
  118  13:57  Probe  
  121  14:03  Probe  
  122  14:15  Probe  
  123  14:19  Photon Cannon  
  123  14:21  Shield Battery  
  123  14:27  Probe  
  124  14:43  Observer  
  125  14:47  Photon Cannon  
  125  14:51  Cybernetics Core  
  119  14:57  Protoss Air Weapons Level 2  
  119  15:03  Dark Templar  
  119  15:04  Observer  
  119  15:05  Protoss Ground Armor Level 2  
  112  15:11  Dark Templar  
  114  15:26  Observer  
  111  15:47  Observer  
  106  16:08  Observer  
  100  16:21  Tempest  
  103  16:33  Tempest  
  109  16:51  Photon Cannon  
Show
View Real Time Build Order
Export as new Build Order

MichaelnTina Protoss 

Build Orders:  

Get SALT Encoding   

  1  0:00  Probe  
  13  0:19  Pylon  
  13  0:20  Probe  
  14  0:32  Probe  
  15  0:43  Assimilator  
  15  0:44  Probe  
  16  0:56  Probe  
  17  0:59  Forge  
  17  1:04  Gateway  
  17  1:05  Probe  
  18  1:13  Probe  
  19  1:29  Assimilator  
  19  1:32  Probe  
  20  1:43  Pylon  
  20  1:44  Probe  
  20  1:46  Pylon  
  21  1:50  Pylon  
  21  2:06  Cybernetics Core  
  21  2:35  Pylon  
  21  2:45  Stargate  
  21  2:47  Stargate  
  21  2:58  Stargate  
  21  3:11  Pylon  
  21  3:20  Pylon  
  21  3:29  Pylon  
  21  3:36  Nexus  
  21  3:56  Nexus  
  21  4:00  Pylon  
  21  4:02  Pylon  
  21  4:06  Assimilator  
  21  4:11  Assimilator  
  21  4:20  Photon Cannon  
  21  4:30  Photon Cannon  
  21  4:46  Photon Cannon  
  21  5:02  Photon Cannon  
  21  5:20  Probe  
  22  5:32  Probe  
  23  5:41  Photon Cannon  
  23  5:43  Pylon  
  23  5:47  Probe, Photon Cannon  
  23  5:50  Photon Cannon  
  24  6:22  Fleet Beacon  
  22  6:55  Nexus  
  22  7:00  Assimilator  
  22  7:05  Probe, Assimilator  
  23  7:14  Probe  
  23  7:22  Probe  
  25  7:30  Probe  
  26  7:37  Carrier  
  26  7:38  Probe  
  27  7:47  Probe  
  34  7:55  Probe  
  34  8:05  Carrier  
  41  8:23  Carrier  
  47  8:42  Protoss Air Weapons Level 1  
  47  8:46  Graviton Catapult  
  47  8:52  Probe  
  47  8:53  Probe  
  49  9:05  Probe  
  50  9:14  Carrier  
  50  9:17  Probe  
  51  9:31  Protoss Shields Level 1  
  57  9:38  Stargate  
  57  9:43  Twilight Council  
  57  10:02  Carrier  
  63  10:12  Carrier  
  69  10:36  Pylon  
  69  10:39  Pylon  
  69  10:42  Pylon  
  69  10:57  Protoss Air Weapons Level 2  
  69  11:01  Carrier  
  57  12:16  Carrier  
  57  12:17  Carrier  
  57  12:19  Carrier  
  69  13:00  Carrier  
  75  13:22  Protoss Air Weapons Level 3  
  75  13:26  Protoss Shields Level 2  
  75  14:14  Carrier  
  75  14:18  Carrier  
  75  14:26  Carrier  
  93  14:41  Carrier  
  99  15:22  Pylon  
  99  15:23  Pylon  
  99  15:27  Pylon  
  99  15:31  Pylon  
  99  15:33  Pylon  
  99  15:37  Pylon  
  99  15:39  Pylon  
Show
View Real Time Build Order
Export as new Build Order

sufigucci Terran 

Build Orders:  

Get SALT Encoding   

  12  0:01  SCV  
  13  0:13  SCV  
  14  0:25  SCV  
  15  0:40  Supply Depot  
  15  0:49  Refinery  
  15  0:51  Refinery  
  15  1:03  Supply Depot  
  15  1:10  Barracks, SCV  
  16  1:23  SCV  
  17  1:28  Supply Depot  
  17  1:35  SCV  
  18  1:47  SCV  
  19  1:56  Supply Depot  
  19  1:59  SCV  
  20  2:11  Factory, SCV  
  21  2:23  SCV  
  22  3:06  Starport x2  
  22  3:13  Starport  
  22  3:15  Starport  
  22  3:19  Armory  
  22  3:59  Viking x3  
  28  4:15  Terran Ship Weapons Level 1  
  28  4:32  Command Center  
  28  5:00  SCV  
  29  5:12  SCV  
  30  5:15  Refinery x2  
  30  5:24  SCV  
  31  5:36  SCV  
  32  5:48  SCV  
  33  5:54  SCV  
  34  6:01  SCV  
  35  6:06  SCV, Viking x3  
  35  6:09  Terran Vehicle And Ship Armor Level 1  
  42  6:13  SCV  
  42  6:18  SCV  
  44  6:25  SCV  
  45  6:30  SCV  
  46  6:37  SCV  
  47  6:42  SCV  
  48  6:57  Supply Depot, SCV  
  49  7:03  SCV  
  50  7:09  SCV, Viking x3  
  50  7:10  Viking  
  50  7:15  SCV  
  60  7:21  SCV  
  61  7:27  SCV  
  62  7:51  Command Center  
  62  8:03  Terran Ship Weapons Level 2  
  62  8:07  SCV  
  63  8:17  Starport  
  63  8:19  SCV  
  64  8:20  Starport  
  64  8:22  Starport  
  64  8:31  SCV  
  65  9:15  Refinery  
  65  9:19  Refinery  
  65  9:24  Fusion Core  
  65  9:59  SCV  
  66  10:02  SCV  
  67  10:11  SCV  
  68  10:14  SCV  
  68  10:19  Terran Vehicle And Ship Armor Level 2  
  68  10:20  Weapon Refit  
  69  10:23  SCV  
  69  10:26  SCV  
  71  10:28  Starport Tech Lab x3  
  71  10:29  Starport Tech Lab x4  
  71  10:35  SCV  
  71  10:38  SCV  
  71  10:42  Supply Depot x2  
  73  10:43  Supply Depot  
  73  10:48  SCV  
  74  10:50  SCV  
  75  11:16  SCV  
  76  11:21  Battlecruiser x3  
  76  11:22  Battlecruiser x2  
  106  11:28  SCV  
  107  11:39  Supply Depot  
  107  11:40  Supply Depot, SCV  
  107  11:42  Supply Depot  
  107  11:45  Supply Depot  
  107  11:46  Supply Depot  
  108  11:47  Supply Depot  
  108  11:52  SCV  
  109  12:01  Battlecruiser  
  115  12:02  Battlecruiser  
  115  12:04  SCV  
  102  12:30  Battlecruiser x2  
  102  12:31  Battlecruiser x2  
  102  12:35  Terran Ship Weapons Level 3  
  126  13:04  Supply Depot  
  126  13:05  Supply Depot  
  126  13:06  Supply Depot x2  
  126  13:07  Supply Depot  
  126  13:10  Supply Depot  
  126  13:38  Battlecruiser x2  
  138  13:47  Command Center  
  138  13:53  Refinery  
  138  13:58  Refinery  
  138  14:08  Battlecruiser x2  
  114  14:56  Battlecruiser x3  
  132  15:12  Terran Vehicle And Ship Armor Level 3  
  125  16:06  Refinery  
  125  16:08  Refinery  
  125  16:21  Command Center  
Show
View Real Time Build Order
Export as new Build Order

Nomeon Terran 

Build Orders:  

Get SALT Encoding   

  12  4:01  Refinery  
  12  4:02  Refinery  
  12  4:10  Command Center  
  12  4:34  SCV  
  12  4:35  Supply Depot  
  13  4:46  SCV  
  14  4:58  SCV  
  14  4:59  Barracks, Refinery  
  15  5:00  Refinery  
  15  5:10  SCV  
  16  5:22  SCV x2  
  18  5:34  SCV x2  
  20  5:50  Factory  
  20  6:40  Starport  
  20  6:44  Starport  
  20  6:48  Starport  
  20  7:01  Supply Depot  
  20  7:17  Starport Tech Lab  
  20  7:20  Starport Tech Lab  
  20  7:24  Supply Depot, Starport Tech Lab  
  20  7:41  Corvid Reactor  
  20  7:45  Raven x3  
  23  8:28  Raven x3  
  29  8:58  SCV  
  30  9:10  SCV, Raven x2  
  30  9:11  Raven  
  37  9:52  Orbital Command  
  37  9:53  Raven x2  
  37  9:54  Orbital Command  
  41  10:00  Raven  
  43  10:44  Raven x2  
  47  10:50  Supply Depot  
  47  10:57  Raven  
  49  11:14  Supply Depot  
  49  11:27  Raven  
  51  11:34  Raven  
  53  12:28  Raven x3  
  59  13:10  Raven  
  59  13:11  Raven  
  63  13:31  Raven  
  65  14:05  Raven  
  65  14:06  Raven  
  69  14:13  Supply Depot  
  69  14:24  Raven  
  71  14:36  Supply Depot  
  71  15:11  Raven  
  71  15:12  Raven  
Tags
 
Add a new tag
Caveats
  • Supply blocks, unpowered buildings, or Contaminate may cause inaccurate times.
  • Supply counts are checked every 10 seconds.